 Dungeon Crawl Stone Soup version 0.29-a0-919-gd064cfad1c (webtiles) character file.

Game seed: 16666813205995058852

4312 frimble the Fighter (level 10, 0/84 HPs)
             Began as a Demonspawn Hedge Wizard on July 27, 2022.
             Was a Believer of Cheibriados.
             Slain by an orc warrior
             ... wielding a +0 halberd
              (11 damage)
             ... in a bailey.
             The game lasted 00:11:23 (8968 turns).

frimble the Fighter (Demonspawn Hedge Wizard)       Turns: 8968, Time: 00:11:24

Health: 0/84       AC:  9    Str: 14    XL:     10   Next: 11%
Magic:  13/14      EV: 11    Int: 27    God:    Cheibriados [**....]
Gold:   251        SH:  0    Dex: 20    Spells: 12/15 levels left

rFire   + + .      SeeInvis .   f - +2 dagger (elec)
rCold   . . .      Faith    .   (no shield)
rNeg    . . .      Spirit   .   v - +2 ring mail {rF+}
rPois   .          Reflect  .   c - +0 hat
rElec   .          Harm     .   (no cloak)
rCorr   .          Rampage  .   (no gloves)
Will    .....                   (no boots)
Stlth   ++........              (no amulet)
HPRegen 0.24/turn               l - +6 ring of intelligence
MPRegen 0.28/turn               u - ring of protection from fire

@: on blink cooldown, very slow
A: yellow scales 1, demonic guardian 3, magic regeneration
a: Renounce Religion, Bend Time


You were in a bailey.
You worshipped Cheibriados.
Cheibriados was pleased with you.
You visited 1 branch of the dungeon, and saw 7 of its levels.
You also visited: Bailey.

You collected 422 gold pieces.
You spent 171 gold pieces at shops.

Inventory:

Hand Weapons
 f - a +2 dagger of electrocution (weapon)
 q - a +2 falchion of flaming
Missiles
 m - 5 silver javelins
Armour
 b - a +0 robe
 c - a +0 hat (worn)
 v - a +2 ring mail of fire resistance (worn)
Jewellery
 l - a +6 ring of intelligence (left hand)
 u - a ring of protection from fire (right hand)
Wands
 i - a wand of roots (5)
Scrolls
 a - a scroll of butterflies
 o - 4 scrolls of identify
 p - 2 scrolls of vulnerability
 s - a scroll of blinking
Potions
 d - a potion of magic
 g - 3 potions of brilliance
 h - 3 potions of ambrosia
 k - 2 potions of might
 n - 2 potions of haste
 r - a potion of attraction {unknown}
 t - a potion of invisibility
 w - a potion of degeneration {unknown}


   Skills:
 + Level 9.6 Fighting
 + Level 9.1(9.2) Short Blades
 - Level 2.1(6.1) Long Blades
 - Level 1.7 Dodging
 - Level 2.0 Stealth
 - Level 3.0 Spellcasting
 - Level 2.1 Conjurations
 - Level 1.0 Summonings
 - Level 0.8 Translocations
 - Level 8.1 Evocations


You had 12 spell levels left.
You knew the following spells:

 Your Spells              Type           Power      Damage    Failure   Level
a - Magic Dart            Conj           60%        1d6       8%          1
b - Blink                 Tloc           16%        N/A       19%         2

Your spell library contained the following spells:

 Spells                   Type           Power      Damage    Failure   Level
 Slow                     Hex            16%        N/A       19%         1
 Call Imp                 Summ           9%         N/A       19%         2
 Conjure Flame            Conj/Fire      9%         6-21      34%         3
 Stone Arrow              Conj/Erth      18%        3d8       34%         3
 Mephitic Cloud           Conj/Pois/Air  7%         N/A       38%         3
 Animate Armour           Summ/Erth      12%        N/A       82%         4
 Lehudib's Crystal Spear  Conj/Erth      4%         10d3      100%        8


Dungeon Overview and Level Annotations

Branches:
Dungeon (7/15)             Temple (0/1) D:6          Bailey (1/1)

Altars:
Ashenzari
Cheibriados
Dithmenos
Gozag
Hepliaklqana
Makhleb
Wu Jian
Yredelemnul

Shops:
D:6 [

Annotations:
D:7 gozag apport or fly


Innate Abilities, Weirdness & Mutations

You are partially covered in yellow scales. (AC +2)
A powerful demonic guardian rushes to your aid.
You regenerate magic rapidly.


Message History

The grasping roots constrict the orc knight!
You kill the orc knight!
Cheibriados appreciates the change of pace.
The grasping roots constrict the orc warrior!
You kill the orc warrior!
Cheibriados thoroughly appreciates the change of pace.
Cheibriados raises the support of your attributes as your movement slows.
The orc no longer looks unusually strong.
Your Short Blades skill increases to level 9!
Your Evocations skill increases to level 8!
You have reached level 10!
Unknown command.
The orc barely misses you. The orc hits you but does no damage.
Something hits you! The orc hits you but does no damage.
You are too injured to fight recklessly!
You hit the orc but do no damage. The orc barely misses you.
Something hits you!! The orc hits you but does no damage.
You barely miss the orc. You hit the orc. Lightning courses through the orc!
You kill the orc!
Cheibriados appreciates the change of pace.
The orc hits you but does no damage. Something hits you!
You hit something but do no damage. You closely miss something.
The orc hits you but does no damage. Something hits you!!
* * * LOW HITPOINT WARNING * * *
A demonic guardian appears!
Casting: Magic Dart (safe; 8% risk of failure)
Confirm with . or Enter, or press ? or * to list all spells.
You blink.
Aiming: Fastroot
Press: ? - help, Shift-Dir - straight line The roots erupt in riotous growth!
Aiming: Fastroot
Press: ? - help, Shift-Dir - straight line The roots erupt in riotous growth!
Roots grab the orc.
The grasping roots constrict the orc.
Something hits you!
You die...

####### ######### .
########.....## ##........
....#.....#.).)o..######.....#...
#..'....)))).##{.#....#.)..###..
....'.!!..'...38..'....).....8...
.#..'.!...'...##@.#....#)...###..
....#.....#.......######...))#...
... ########.....## ##..)))... ##
####### #########


You could see an orc (strong, rooted, ally target) and a friendly sun demon
(summoned).

Vanquished Creatures
  An orc knight (Bailey)
  4 orc warriors
  An ice beast (D:6)
  A black bear (D:7)
  A centaur (D:6)
  2 phantoms
  3 bullfrogs
  A necrophage (D:4)
  2 scorpions
  An orc priest (D:6)
  A hound (D:4)
  A gnoll bouda (D:7)
  An iguana (D:5)
  3 orc wizards
  7 gnolls
  5 adders
  A shadow imp (D:5)
  A worm (D:4)
  A dart slug (D:3)
  35 orcs
  4 ball pythons
  3 endoplasms
  4 giant cockroaches
  5 goblins
  3 hobgoblins
  3 jackals (D:1)
  5 kobolds
  2 quokkas
  5 bats
  3 frilled lizards
  4 rats
114 creatures vanquished.

Vanquished Creatures (collateral kills)
  A steam dragon (D:6)
  An orc warrior (D:7)
  An ice beast (D:4)
  A scorpion (D:5)
  A jelly (D:4)
  An orc (Bailey)
  A jackal (D:1)
7 creatures vanquished.

Vanquished Creatures (others)
  A fungus (D:7)
  2 plants
3 creatures vanquished.

Grand Total: 124 creatures vanquished

Notes
Turn   | Place    | Note
-------+----------+-------------------------------------------
     0 | D:1      | frimble the Demonspawn Hedge Wizard began the quest for the
                  | Orb.
     0 | D:1      | Reached XP level 1. HP: 13/13 MP: 4/4
   258 | D:1      | Reached skill level 1 in Short Blades
   258 | D:1      | Gained mutation: A weak demonic guardian rushes to your
                  | aid. [demonic ancestry]
   258 | D:1      | Reached XP level 2. HP: 13/19 MP: 4/6
   738 | D:1      | Found a faded altar of an unknown god.
  2218 | D:3      | Reached XP level 3. HP: 24/24 MP: 7/7
  2283 | D:3      | Found a shadowy altar of Dithmenos.
  2609 | D:3      | Found a hazy altar of Hepliaklqana.
  3181 | D:4      | Reached skill level 1 in Fighting
  3227 | D:4      | Noticed a scorpion
  3229 | D:4      | Noticed a bullfrog
  3246 | D:4      | Killed a bullfrog
  3247 | D:4      | Gained mutation: A demonic guardian rushes to your aid.
                  | [demonic ancestry]
  3247 | D:4      | Reached XP level 4. HP: 27/33 MP: 8/8
  3271 | D:4      | Killed a scorpion
  3272 | D:4      | Reached XP level 5. HP: 14/39 MP: 9/9
  4137 | D:4      | Found a burning altar of Makhleb.
  4139 | D:4      | Noticed an Executioner
  4143 | D:4      | Noticed a neqoxec
  4143 | D:4      | Noticed a ynoxinul
  4369 | D:4      | Gained mutation: You are partially covered in yellow
                  | scales. (AC +2) [demonic ancestry]
  4369 | D:4      | Reached XP level 6. HP: 47/47 MP: 10/10
  4551 | D:5      | Entered Level 5 of the Dungeon
  4551 | D:5      | Noticed an ice beast
  4786 | D:4      | HP: 2/47 [ice beast (6)]
  4790 | D:4      | Killed an ice beast
  5475 | D:5      | Found an ornate altar of the Wu Jian Council.
  5622 | D:5      | Identified the +0 plate armour "Qupastemm" {rC+ Str+4}
  5740 | D:5      | Reached skill level 1 in Long Blades
  5740 | D:5      | Reached XP level 7. HP: 37/55 MP: 11/11
  5938 | D:5      | Found a broken altar of Ashenzari.
  6228 | D:6      | Found a basalt altar of Yredelemnul.
  6421 | D:6      | Reached skill level 5 in Fighting
  6428 | D:6      | Reached skill level 5 in Short Blades
  6439 | D:6      | Reached skill level 1 in Evocations
  6640 | D:6      | Found a snail-covered altar of Cheibriados.
  6656 | D:6      | Found Buegor's Antique Armour Emporium.
  6660 | D:6      | Noticed a steam dragon
  6665 | D:6      | Killed a steam dragon
  6666 | D:6      | Gained mutation: You regenerate magic rapidly. [demonic
                  | ancestry]
  6666 | D:6      | Reached XP level 8. HP: 53/63 MP: 12/12
  6672 | D:6      | Became a worshipper of Cheibriados the Contemplative
  6724 | D:6      | Bought a twisted robe for 171 gold pieces
  6724 | D:6      | Identified the +1 robe of Lies {-Tele Fly rPois Stlth+}
                  | (You bought it in a shop on level 6 of the Dungeon)
  6784 | D:6      | Learned a level 2 spell: Blink
  7520 | D:6      | Found a staircase to the Ecumenical Temple.
  7754 | D:7      | Found an opulent altar of Gozag.
  7754 | D:7      | Found an opulent altar of Gozag.
  7754 | D:7      | Found an opulent altar of Gozag.
  7769 | D:7      | Found an opulent altar of Gozag.
  7909 | D:7      | HP: 1/64 [orc warrior/sling bullet (6)]
  7909 | D:7      | Reached * piety under Cheibriados
  8312 | D:7      | Found a flagged portal.
  8331 | Bailey   | Entered a bailey
  8354 | Bailey   | HP: 3/65 [orc warrior/+0 glaive (7)]
  8940 | Bailey   | Noticed an orc knight
  8942 | Bailey   | Gained mutation: A powerful demonic guardian rushes to your
                  | aid. [demonic ancestry]
  8942 | Bailey   | Reached XP level 9. HP: 77/77 MP: 13/13
  8957 | Bailey   | Killed an orc knight
  8957 | Bailey   | Reached ** piety under Cheibriados
  8958 | Bailey   | Reached XP level 10. HP: 76/84 MP: 14/14
  8968 | Bailey   | Slain by an orc warrior

Illustrated notes

Levels and vault maps discovered:
D:1:      eino_arrival_water_cross, layout_rooms, shapermc_ecumenical_altar_gd
D:2:      layout_loops_ring, serial_co_window_serial, co_window_corner_a,
          co_window_corner_a, co_window_corner_a, co_window_paths_a,
          co_window_paths_b, co_window_corner_cb, co_window_2corner,
          co_window_cross_3, co_window_unsneaky_path_b, co_window_2corner,
          co_window_corner_cb, co_window_unsneaky_path_c, co_window_paths_e,
          glass_columns_a, glass_columns_a, glass_columns_a, glass_columns_a
D:3:      layout_rooms, nicolae_dithmenos_the_darkroom,
          mainiacjoe_overflow_brackets, tso_oasis_becter
D:4:      layout_basic, makhleb_altar_promises_db, chequers_big_river,
          dk_noncrumbling_2
D:5:      layout_rooms, nzn_wu_jian_contemplation,
          nicolae_overflow_hidden_temple
D:6:      layout_basic, mainiacjoe_overflow_catwalk,
          mainiacjoe_overflow_six_doors_small, minmay_temple_entry_purple_smoke,
          serial_shops, nicolae_shop_overgrown_old_shop, corexii_hall_statues_s
D:7:      layout_basic, elyvilon_altar_1, nicolae_gozag_conspicuous_consumption,
          enter_bailey_2
Bailey:   bailey_polearm_5, bailey

Skill      XL: |  1  2  3  4  5  6  7  8  9 |
---------------+----------------------------+-----
Short Blades   | 1 2 3 4 5 8 9 |  9.1
Conjurations   | 2 |  2.1
Stealth        | 2 |  2.0
Fighting       | 2 3 4 5 9 |  9.6
Long Blades    | 1 2 |  2.1
Evocations     | 2 7 8 |  8.1
Dodging        | |  1.7
Spellcasting   | |  3.0
Summonings     | |  1.0
Translocations | |  0.8

Action                   |  1- 3 |  4- 6 |  7- 9 | 10-12 || total
-------------------------+-------+-------+-------+-------++-------
Melee: Dagger            |   161 |   111 |   182 |     5 ||   459
       Punch             |     1 |     1 |     1 |       ||     3
 Cast: Magic Dart        |    24 |     5 |     7 |       ||    36
       Blink             |       |       |     1 |     1 ||     2
Evoke: Wand              |       |       |    12 |     2 ||    14
  Use: Scroll            |     9 |     2 |     4 |       ||    15
       Potion            |     1 |     5 |     3 |       ||     9
 Stab: Sleeping          |       |     1 |     1 |       ||     2
Armor: Robe              |    44 |    15 |    19 |       ||    78
       Ring mail         |       |       |    29 |     5 ||    34
Dodge: Dodged            |   133 |    55 |    93 |     2 ||   283

Table legend: (Time is in decaauts)
 A = Elapsed time spent in this place.
 B = Non-inter-level travel time spent in this place.
 C = Inter-level travel time spent in this place.
 D = Time resting spent in this place.
 E = Time spent auto-exploring this place.
 F = Levels seen in this place.
 G = Mean time per level.
                   A        B        C        D        E       F      G
               +--------+--------+--------+--------+--------+-----+--------+
         Total |   9173 |   8910 |    263 |      0 |   7722 |   8 | 1146.6 |
       Dungeon |   8506 |   8243 |    263 |      0 |   7167 |   7 | 1215.1 |
        Bailey |    666 |    666 |      0 |      0 |    555 |   1 |  666.0 |
               +--------+--------+--------+--------+--------+-----+--------+

Top non-repeatable levels by time:
     D:6: 1819 daAuts
     D:4: 1760 daAuts
     D:1: 1252 daAuts
     D:3: 1122 daAuts
     D:2: 950 daAuts
     D:5: 947 daAuts
  Bailey: 666 daAuts
     D:7: 654 daAuts
